 Dungeon Crawl Stone Soup version 0.30.0-3-ga4e48a9924 (webtiles) character file.

Game seed: 2819493832607397462

52 browni3141 the Shooter (level 4, 0/54 HPs)
             Began as a Meteoran Hexslinger on May 8, 2023.
             Succumbed to an adder's poison
             ... on level 3 of the Dungeon.
             The game lasted 00:03:42 (490 turns).

browni3141 the Shooter (Meteoran Hexslinger)         Turns: 490, Time: 00:03:43

Health: 0/54       AC: 22    Str: 18    XL:     4   Next: 29%
Magic:  7/7        EV:  2    Int: 14    God:
Gold:   44         SH:  0    Dex: 16    Spells: 4/5 levels left

rFire   . . .        a - +1 sling
rCold   . . .        (no shield)
rNeg    . . .        c - melded +0 robe
rPois   +            (helmet currently unavailable)
rElec   .            g - melded scarf {rC+ rF+}
rCorr   .            (gloves currently unavailable)
SInv    .            (boots currently unavailable)
Will    .....        (no amulet)
Stlth   +            j - +6 ring of strength
HPRegen 0.29/turn    (no ring)
MPRegen 0.10/turn

%: no passive effects
@: lethally poisoned (0 -> -6), tree-form, glowing
A: stationary, stasis, torment immunity, boosted hp, sense surroundings 1,
otherworldly, glowing, explore regen
a: no special abilities


You were on level 3 of the Dungeon.
You were a tree.
You visited 1 branch of the dungeon, and saw 4 of its levels.

You collected 44 gold pieces.

Inventory:

Hand Weapons
 a - a +1 sling (weapon)
Armour
 c - a +0 robe (melded)
 g - a scarf of resistance (melded)
Jewellery
 j - a +6 ring of strength (left branch)
Scrolls
 b - a scroll of poison
 d - a scroll of fog {unknown}
Potions
 h - a potion of heal wounds {unknown}
 i - a potion of haste {unknown}


   Skills:
 + Level 2.0 Fighting
 * Level 4.0 Ranged Weapons
 - Level 2.4 Dodging
 - Level 1.3 Spellcasting
 - Level 3.6 Hexes


You had 4 spell levels left.
You knew the following spells:

 Your Spells              Type           Power      Damage    Failure   Level
S - Slow                  Hex            44%        N/A       6%          1

Your spell library contained the following spells:

 Spells                   Type           Power      Damage    Failure   Level
 Inner Flame              Hex/Fire       6%         N/A       36%         3
 Portal Projectile        Hex/Tloc       12%        N/A       36%         3
 Cause Fear               Hex            5%         N/A       50%         4


Dungeon Overview and Level Annotations

Branches:
Dungeon (4/15) Zot: 1884
 Temple: D:4-7

Altars:

Shops:
D:3 [   D:4 ?

Annotations:
D:4 1 runed translucent door, Firecrotchwizard's ghost, amateur MfMo; Grinder


Innate Abilities, Weirdness & Mutations

You are a tree.
Your roots penetrate the ground, keeping you stationary.
You cannot be teleported.
You are immune to unholy pain and torment.
Your maximum health is greatly increased.
Your equipment is partially melded.
You passively map a small area around you.
You are easily found by Zot.
You glow in the dark.
You regain HP and MP as you explore.


Message History

You shoot a sling bullet. The sling bullet hits the bat.
You kill the bat!
You see here an adder corpse.
There is a stone staircase leading down here.
You climb downwards.
Level annotation: 1 runed translucent door, Firecrotchwizard's ghost, amateur MfMo; Grinder The adder barely misses you.
The goblin hits you with a +0 club.
An endoplasm comes into view.
The adder bites you but does no damage.
There is a stone staircase leading up, spattered with blood here.
The adder bites you. The goblin barely misses you. The adder bites you.
You are poisoned.
The adder poisons you!
You climb upwards.
You feel sick.
There is a stone staircase leading down here.
You shoot a sling bullet. The sling bullet hits the adder.
The adder is moderately wounded.
You feel sick. The goblin hits you with a +0 club. The adder bites you.
The goblin hits you with a +0 club.
You shoot a sling bullet.
The sling bullet barely misses the adder.
You feel sick.
You are no longer poisoned.
The adder bites you but does no damage. x2; The goblin hits you with a +0 club.
You are too injured to fight recklessly!
You are too injured to fight recklessly!
You are too injured to fight recklessly!
You are too injured to fight recklessly!
You are too injured to fight recklessly!
You are too injured to fight recklessly!
Casting: Slow (safe; 6% risk of failure)
Confirm with . or Enter, or press ? or * to list all spells.
Aiming: Slow (safe; 6% risk of failure)
Press: ? - help, Shift-Dir - straight line, f/p - adder
Aim: an adder (moderately wounded, chance to affect: 53%)
The adder seems to slow down.
The goblin hits you with a +0 club. The adder barely misses you.
Fire: a) +1 sling
Press: ? - help, Q - select action, (/) - cycle Shift-Dir - straight line, f/p - adder
Aim: an adder (moderately wounded, slow, 44% to hit)
You shoot a sling bullet.
The sling bullet barely misses the adder.
The goblin hits you but does no damage. The adder bites you.
Fire: a) +1 sling
Press: ? - help, Q - select action, (/) - cycle Shift-Dir - straight line, f/p - adder
Aim: an adder (moderately wounded, slow, 44% to hit)
You shoot a sling bullet. The sling bullet hits the adder.
The adder is moderately wounded.
The goblin hits you with a +0 club. The adder closely misses you.
Fire: a) +1 sling
Press: ? - help, Q - select action, (/) - cycle Shift-Dir - straight line, f/p - adder
Aim: an adder (moderately wounded, slow, 44% to hit)
You shoot a sling bullet.
The sling bullet closely misses the adder.
The goblin hits you but does no damage. The adder bites you but does no damage.
Fire: a) +1 sling
Press: ? - help, Q - select action, (/) - cycle Shift-Dir - straight line, f/p - adder
Aim: an adder (moderately wounded, slow, 44% to hit)
You shoot a sling bullet.
The sling bullet hits the adder but does no damage.
The adder is moderately wounded.
The goblin hits you with a +0 club. The adder bites you but does no damage.
The goblin hits you with a +0 club.
* * * LOW HITPOINT WARNING * * *
Fire: a) +1 sling
Press: ? - help, Q - select action, (/) - cycle Shift-Dir - straight line, f/p - adder
Aim: an adder (moderately wounded, slow, 44% to hit)
You shoot a sling bullet.
The sling bullet completely misses the adder.
The adder bites you.
* * * LOW HITPOINT WARNING * * *
You are poisoned.
The adder poisons you! The goblin barely misses you.
Fire: a) +1 sling
Press: ? - help, Q - select action, (/) - cycle Shift-Dir - straight line, f/p - adder
Aim: an adder (moderately wounded, slow, 44% to hit)
You shoot a sling bullet.
The sling bullet closely misses the adder.
* * * LOW HITPOINT WARNING * * *
You feel sick. The adder closely misses you. The goblin closely misses you.
Fire: a) +1 sling
Press: ? - help, Q - select action, (/) - cycle Shift-Dir - straight line, f/p - adder
Aim: an adder (moderately wounded, slow, 44% to hit)
You shoot a sling bullet.
The sling bullet closely misses the adder.
You feel sick. The adder bites you.
* * * LOW HITPOINT WARNING * * *
You are lethally poisoned!
The adder poisons you! The goblin barely misses you.
Unknown command.
It was a potion of lignification.
You turn into a tree.
Your scarf of resistance melds into your body.
Your +0 robe melds into your body.
You feel hot and cold all over.
Your roots penetrate the ground.
* * * LOW HITPOINT WARNING * * *
You feel sick. The adder bites you but does no damage.
The goblin hits you but does no damage.
Unknown command.
It was a potion of magic.
Magic courses through your body.
You die...

###.#..###########...#
#........##........###
#....................#
##....####.#........#.#
......####.....)....#.#
...............#..###.###
..)...######.)....##....#
......# ###..S.##....#
...####
#####+#♣.##....########
...#
#.....g...............#
...#
#..........#####......#
...# #..).......##
#......# #### *
*##...........# #......#
... , , .............#
#......## #### *
##...........# #........
....
,#...........####......##
##### *
#.....................#


You could see an adder (slow) and a goblin.

Vanquished Creatures
  2 adders (D:3)
  A worm (D:2)
  A dart slug (D:1)
  7 endoplasms
  3 goblins
  A hobgoblin (D:2)
  3 jackals (D:1)
  3 kobolds
  4 bats
  A frilled lizard (D:3)
  A rat (D:2)
27 creatures vanquished.

Notes
Turn   | Place    | Note
-------+----------+-------------------------------------------
     0 | D:1      | browni3141 the Meteoran Hexslinger began the quest for the
                  | Orb.
     0 | D:1      | Reached XP level 1. HP: 16/16 MP: 3/3
    47 | D:1      | Reached XP level 2. HP: 22/23 MP: 5/5
    51 | D:1      | Reached skill level 3 in Ranged Weapons
    81 | D:3      | Found Wicapree's Armour Boutique.
    90 | D:4      | Noticed Grinder
    90 | D:4      | Found Notsisog's Magic Scroll Boutique.
   141 | D:3      | Reached XP level 3. HP: 28/28 MP: 6/6
   278 | D:4      | Noticed Firecrotchwizard's ghost (amateur MfMo)
   278 | D:4      | Found a runed translucent door.
   293 | D:3      | Reached skill level 4 in Ranged Weapons
   293 | D:3      | HP: 1/28 [poisoned by an adder]
   298 | D:3      | Reached XP level 4. HP: 2/36 MP: 5/7
   489 | D:3      | HP: 2/54 [poisoned by an adder]
   490 | D:3      | Succumbed to an adder's poison

Illustrated notes

Levels and vault maps discovered:
D:1:      matt_arrival_grand_opening, layout_basic, kennysheep_boxes
D:2:      layout_basic, grunt_decor_mini_mirrors, uniq_sigmund
D:3:      layout_basic, serial_shops, shop
D:4:      layout_rooms, gammafunk_ghost_grave, serial_shops, shop,
          grunt_ministairs_14, minmay_manual_mess, uniq_edmund, uniq_grinder

Skill      XL: |  1  2  3  4 |
---------------+-------------+-----
Ranged Weapons | 3 4 |  4.0
Fighting       | 2 |  2.0
Dodging        | |  2.4
Spellcasting   | |  1.3
Hexes          | |  3.6

Action                     |  1- 3 |  4- 6 || total
---------------------------+-------+-------++-------
   Fire: Sling             |    62 |    30 ||    92
   Cast: Slow              |     2 |     1 ||     3
    Use: Potion            |       |     2 ||     2
 Armour: Robe              |    11 |     9 ||    20
         Skin              |       |     2 ||     2
  Dodge: Dodged            |    20 |    15 ||    35
